 Dungeon Crawl Stone Soup version 0.28.0-45-g0d030f2227 (webtiles) character file.

Game seed: 3196655330387197824

96 Kangaroobicon the Ruffian (level 4, -5/44 HPs)
             Began as a Troll Berserker on Apr 3, 2022.
             Was a Priest of Trog.
             Shot with an arrow by a centaur (11 damage)
             ... on level 5 of the Dungeon.
             The game lasted 00:13:49 (1152 turns).

Kangaroobicon the Ruffian (Troll Berserker)         Turns: 1152, Time: 00:13:50

Health: -5/44      AC:  4    Str: 25    XL:     4   Next: 41%
Magic:  3/3        EV: 10    Int:  3    God:    Trog [***...]
Gold:   111        SH:  0    Dex: 11    Spells: 3/3 levels left

rFire   . . .      SeeInvis .     - Unarmed
rCold   . . .      Faith    .   (no shield)
rNeg    . . .      Spirit   .   a - +0 animal skin
rPois   .          Reflect  .   (helmet restricted)
rElec   .          Harm     .   (no cloak)
rCorr   .          Rampage  .   (gloves unavailable)
Will    .....                   (boots unavailable)
Stlth   +.........              (no amulet)
HPRegen 0.94/turn               (no ring)
MPRegen 0.08/turn               (no ring)

@: lethally poisoned (-5 -> -6)
A: large, unfitting armour, claws 3, regeneration 1, shaggy fur 1, tough skin 1
a: Renounce Religion, Berserk, Trog's Hand


You were on level 5 of the Dungeon.
You worshipped Trog.
Trog was most pleased with you.
You visited 1 branch of the dungeon, and saw 4 of its levels.

You collected 111 gold pieces.

Inventory:

Hand Weapons
 d - a +0 dagger of freezing
 k - a +0 hunting sling
 n - a +1 mace of protection
Missiles
 b - 4 silver javelins (quivered)
 c - 66 stones
 g - 5 javelins
 h - 16 arrows
 i - 20 bolts
 j - 5 poisoned darts
Armour
 a - a +0 animal skin (worn)
Scrolls
 e - a scroll of teleportation {unknown}
 f - a scroll of identify {unknown}
Potions
 l - a potion of brilliance {unknown}
 m - a potion of curing {unknown}


   Skills:
 + Level 2.9 Fighting
 + Level 3.0 Dodging
 + Level 0.1 Stealth
 + Level 4.3 Unarmed Combat


You had 3 spell levels left.
You didn't know any spells.
Your spell library was empty.

Dungeon Overview and Level Annotations

Branches:
Dungeon (3/15)

Altars:
Ashenzari


Innate Abilities, Weirdness & Mutations

You are too large for most types of armour.
You have claws for hands.
Your natural rate of healing is unusually fast.
You are covered in fur. (AC +1)
You have tough skin. (AC +1)


Message History

There is an open door here.
There is a faded altar of an unknown god here.
There is an open door here.
Done exploring.
Press: ? - help, . - travel You can't see that place. [a granite statue.]
There is a stone staircase leading down here.
You climb downwards.
The endoplasm quivers.
There is a stone staircase leading up here.
Found a stone staircase leading up.
A sourceless malevolence fills the Dungeon...
You fall into a shaft and drop 2 floors!
The shaft crumbles and collapses.
Found 13 gold pieces and 18 sling bullets.
Found a broken altar of Ashenzari.
Found 16 arrows.
You now have 111 gold pieces (gained 13).
Press: ? - help, v - describe, . - travel A broken altar of Ashenzari.
An adder comes into view.
The adder hisses angrily.
A centaur comes into view.
Found 12 stones.
The centaur wields a +0 shortbow.
The centaur shoots an arrow.
The arrow misses you.
The centaur shoots an arrow.
The arrow hits you!
The centaur shoots an arrow.
The arrow hits you! The adder closely misses you.
You miss the adder.
The centaur shoots an arrow.
The arrow hits you! The adder bites you but does no damage.
The centaur shoots an arrow.
The arrow hits you.
* * * LOW HITPOINT WARNING * * *
You miss the adder.
The centaur shoots an arrow.
The arrow hits you!
* * * LOW HITPOINT WARNING * * *
The adder barely misses you.
You miss the adder. The adder bites you.
* * * LOW HITPOINT WARNING * * *
You are poisoned.
The adder poisons you!
The centaur shoots an arrow.
The arrow hits you!
You die...

#.# .# #...
#######.## #...#
#........# .....
#........##
.....###.........#
...............#
..≈≈≈..........#
.≈≈≈≈≈.........#
.≈≈_≈≈S@########
.≈≈.≈≈..#
.≈≈.≈≈..#
.≈≈.≈≈.## .≈.((≈.
.≈.8c≈. .......
......( .......


You could see a centaur and an adder.

Vanquished Creatures
  3 adders (D:2)
  A worm (D:2)
  2 dart slugs (D:1)
  8 endoplasms
  2 giant cockroaches
  6 goblins
  3 hobgoblins
  4 jackals (D:1)
  4 quokkas
  5 ball pythons
  5 bats
  3 frilled lizards
  8 kobolds
  4 rats
58 creatures vanquished.

Notes
Turn   | Place    | Note
-------+----------+-------------------------------------------
     0 | D:1      | Kangaroobicon the Troll Berserker began the quest for the
                  | Orb.
     0 | D:1      | Reached XP level 1. HP: 22/22 MP: 0/0
   113 | D:1      | Reached XP level 2. HP: 29/29 MP: 1/1
   180 | D:1      | Reached ** piety under Trog
   196 | D:1      | Reached XP level 3. HP: 36/36 MP: 2/2
   789 | D:2      | Reached skill level 4 in Unarmed Combat
   887 | D:2      | Reached XP level 4. HP: 40/44 MP: 3/3
   888 | D:2      | Reached *** piety under Trog
  1009 | D:2      | Found a faded altar of an unknown god.
  1141 | D:3      | You fall into a shaft and drop 2 floors!
  1141 | D:5      | Entered Level 5 of the Dungeon
  1141 | D:5      | Found a broken altar of Ashenzari.
  1147 | D:5      | Noticed a centaur
  1152 | D:5      | Shot with an arrow by a centaur

Illustrated notes

Levels and vault maps discovered:
D:1:      lightli_arrival_statue_moat, layout_basic, minmay_tall_x
D:2:      layout_loops_ring, shapermc_ecumenical_altar_mp_vishouse
D:3:      layout_loops_ring, mainiacjoe_overflow_boulevard,
          okawaru_ov_weapons_minmay
D:5:      layout_basic, mainiacjoe_overflow_catwalk

Skill      XL: |  1  2  3  4 |
---------------+-------------+-----
Unarmed Combat | 4 |  4.3
Dodging        | 3 |  3.0
Fighting       | |  2.9
Stealth        | |  0.1

Action                   |  1- 3 |  4- 6 || total
-------------------------+-------+-------++-------
Melee: Unarmed           |    93 |    22 ||   115
 Stab: Sleeping          |     2 |       ||     2
Armor: Animal skin       |    22 |     3 ||    25
Dodge: Dodged            |    34 |     8 ||    42
